 Dungeon Crawl Stone Soup version 0.30-a0-845-g7c6808c8ce (webtiles) character file.

Game seed: 2543480102596677387

371598 MacCMillion the Acrobat (level 21, -3/113 (119) HPs)
             Began as a Spriggan Hunter on Mar 3, 2023.
             Was the Champion of Okawaru.
             Killed from afar by a vampire mage (13 damage)
             ... with a bolt of negative energy
             ... on level 2 of the Crypt.
             The game lasted 02:21:42 (63335 turns).

MacCMillion the Acrobat (Spriggan Hunter)          Turns: 63335, Time: 02:21:43

HP:   -3/113 (119)  AC: 24    Str: 10    XL:     21   Next: 70%
MP:   36/38         EV: 40    Int: 13    God:    Okawaru [******]
Gold: 6652          SH: 10    Dex: 27    Spells: 25/34 levels left

rFire   . . .      SeeInvis +    o - +4 hand crossbow (flame)
rCold   + . .      Faith    .    h - +2 buckler {reflect}
rNeg    + . .      Spirit   .    a - quicksilver dragon scales of Failure {+Inv rPois Will+ MP+9 Slay+5}
rPois   +          Reflect  +    g - +4 hat "Coak Odd" {rC+ Str+3}
rElec   .          Rampage  .    j - +2 cloak {rPois}
rCorr   .                        (gloves unavailable)
Will    ++++.                    (boots unavailable)
Stlth   ++++                     f - amulet of the acrobat
HPRegen 0.38/turn                v - ring of positive energy
MPRegen 0.26/turn                w - +4 ring of protection

@: portalling projectiles, studying Translocations, drained, very quick
A: very small, no large weapons, unfitting armour, see invisible, speed 3, low
MP 1
}: 2/15 runes: decaying, serpentine
a: Renounce Religion, Evoke Invisibility, Heroism, Finesse, Duel


You were on level 2 of the Crypt.
You worshipped Okawaru.
Okawaru was exalted by your worship.
You visited 10 branches of the dungeon, and saw 41 of its levels.
You also visited: Ossuary and Ice Cave.

You collected 6751 gold pieces.
You spent 99 gold pieces at shops.

Inventory:

Hand Weapons
 o - a +4 hand crossbow of flaming (weapon)
 u - a +9 hand crossbow of freezing
 D - a +3 arbalest of flaming
Missiles
 s - 4 throwing nets
Armour
 a - the quicksilver dragon scales of Failure (worn) {+Inv rPois Will+ MP+9 Slay+5}
   (Okawaru gifted it to you on level 4 of the Vaults)

   Slay:      It affects your accuracy & damage with ranged weapons and melee
   (+5).
   rPois:     It protects you from poison.
   MP:        It affects your magic capacity (+9).
   +Inv:      It lets you turn invisible.
   Will:      It increases your willpower.
 g - the +4 hat "Coak Odd" (worn) {rC+ Str+3}
   (You acquired it in an ossuary)

   Str:       It affects your strength (+3).
   rC:        It protects you from cold.
 h - a +2 buckler of reflection (worn)
 j - a +2 cloak of poison resistance (worn)
 R - the +2 robe of the Chupacabra {rElec rF+ Will+ rCorr}
   (Okawaru gifted it to you on level 2 of the Elven Halls)

   rF:        It protects you from fire.
   rElec:     It insulates you from electricity.
   rCorr:     It protects you from acid and corrosion.
   Will:      It increases your willpower.
Jewellery
 f - an amulet of the acrobat (around neck)
 v - a ring of positive energy (left hand)
 w - a +4 ring of protection (right hand)
 A - a ring of poison resistance
 H - a ring of protection from fire
 L - a ring of flight
 Q - a ring of protection from cold
 S - the ring "Umaass" {Fire rElec rCorr Stlth+}
   (You acquired it on level 10 of the Dungeon)

   [ring of fire]

   It enhances your fire magic.
   rF:        It protects you from fire.
   rC:        It makes you vulnerable to cold.
   rElec:     It insulates you from electricity.
   rCorr:     It protects you from acid and corrosion.
   Stlth:     It makes you more stealthy.
 T - a ring of willpower
 X - a ring of resist corrosion
Wands
 C - a wand of acid (16)
 K - a wand of roots (43)
 N - a wand of flame (51)
 P - a wand of mindburst (34)
Scrolls
 b - 7 scrolls of immolation
 c - 6 scrolls of amnesia
 e - 9 scrolls of vulnerability
 m - 7 scrolls of blinking
 n - 10 scrolls of noise
 p - 5 scrolls of silence
 r - 9 scrolls of fear
 t - 10 scrolls of teleportation
 y - 4 scrolls of fog
 F - 3 scrolls of torment
 G - 5 scrolls of enchant armour
 U - a scroll of magic mapping
 V - 11 scrolls of poison
Potions
 d - 11 potions of lignification
 i - 6 potions of magic
 k - 18 potions of curing
 l - 7 potions of might
 q - 4 potions of cancellation
 x - 12 potions of haste
 z - 7 potions of mutation
 E - a potion of resistance
 I - 3 potions of invisibility
 J - 6 potions of brilliance
 M - 13 potions of heal wounds
 O - 3 potions of flight
 W - 5 potions of ambrosia
 Y - 5 potions of berserk rage


   Skills:
 - Level 15.7 Fighting
 - Level 18.0 Ranged Weapons
 - Level 8.9 Armour
 + Level 25.2 Dodging
 - Level 10.0 Stealth
 - Level 10.0 Shields
 + Level 7.2 Spellcasting
 - Level 4.0 Hexes
 + Level 16.8 Translocations
 - Level 12.0 Invocations


You had 25 spell levels left.
You knew the following spells:

 Your Spells              Type           Power      Damage    Failure   Level
a - Portal Projectile     Hex/Tloc       62%        N/A       2%          3
b - Dispersal             Tloc           24%        N/A       9%          6

Your spell library contained the following spells:

 Spells                   Type           Power      Damage    Failure   Level
 Apportation              Tloc           96%        N/A       1%          1
 Gell's Gravitas          Tloc           48%        N/A       1%          3
 Teleport Other           Tloc           48%        N/A       1%          3
 Passage of Golubria      Tloc           48%        N/A       1%          4
 Slow                     Hex            60%        N/A       11%         1
 Confusing Touch          Hex            15%        N/A       30%         3
 Ensorcelled Hibernation  Hex/Ice        18%        N/A       34%         2
 Foxfire                  Conj/Fire      16%        2x1d4     47%         1
 Necrotise                Necr           16%        1d4       47%         1
 Sandblast                Erth           8%         2d5       47%         1
 Dazzling Flash           Conj/Hex       18%        N/A       56%         3
 Cigotuvi's Dreadful Rot  Necr/Pois/Air  8%         N/A       63%         2
 Passwall                 Tmut/Erth      3%         N/A       63%         2
 Poisonous Vapours        Pois/Air       8%         N/A       63%         2
 Sublimation of Blood     Necr           4%         N/A       63%         2
 Mephitic Cloud           Conj/Pois/Air  4%         N/A       85%         3
 Stone Arrow              Conj/Erth      8%         3d7       85%         3
 Swiftness                Air            4%         N/A       85%         3
 Vampiric Draining        Necr           4%         2d6       85%         3
 Anguish                  Hex/Necr       4%         N/A       93%         4
 Leda's Liquefaction      Hex/Erth       4%         N/A       93%         4
 Airstrike                Air            2%         2d(1-17)  99%         4
 Petrify                  Tmut/Erth      4%         N/A       99%         4
 Agony                    Necr           4%         N/A       100%        5
 Blade Hands              Tmut           2%         N/A       100%        5
 Fireball                 Conj/Fire      2%         3d4       100%        5
 Freezing Cloud           Conj/Ice/Air   2%         6-21      100%        5
 Irradiate                Conj/Tmut      2%         3d12      100%        5
 Iskenderun's Battlesphe  Conj           4%         2d6       100%        5
 Lee's Rapid Deconstruct  Erth           2%         3d4*      100%        5
 Lightning Bolt           Conj/Air       2%         1d13      100%        5
 Silence                  Hex/Air        4%         N/A       100%        5
 Conjure Ball Lightning   Conj/Air       2%         3x3d6     100%        6
 Eringya's Noxious Bog    Tmut/Pois      2%         N/A       100%        6
 Iron Shot                Conj/Erth      2%         9d2       100%        6
 Statue Form              Tmut/Erth      2%         N/A       100%        6
 Orb of Destruction       Conj           2%         9d5       100%        7
 Lehudib's Crystal Spear  Conj/Erth      2%         10d2      100%        8
 Polar Vortex             Ice            2%         N/A       100%        9
 Summon Forest            Summ/Tloc      Unusable   N/A       N/A         5
 Summon Small Mammal      Summ           Unusable   N/A       N/A         1
 Call Imp                 Summ           Unusable   N/A       N/A         2
 Call Canine Familiar     Summ           Unusable   N/A       N/A         3
 Animate Armour           Summ/Erth      Unusable   N/A       N/A         4
 Summon Lightning Spire   Summ/Air       Unusable   N/A       N/A         4
 Simulacrum               Ice/Necr       Unusable   N/A       N/A         6
 Summon Cactus Giant      Summ           Unusable   N/A       N/A         6
 Monstrous Menagerie      Summ           Unusable   N/A       N/A         7
 Summon Hydra             Summ           Unusable   N/A       N/A         7

Dungeon Overview and Level Annotations

Branches:
Dungeon (15/15)            Temple (1/1) D:7            Lair (5/5) D:9
  Swamp (4/4) Lair:2        Snake (4/4) Lair:3        Slime (0/5) Lair:4
    Orc (2/2) D:11            Elf (3/3) Orc:2        Vaults (4/5) D:14
  Crypt (2/3) Vaults:3     Depths (1/4) D:15        Ossuary (visited)
  IceCv (visited)

Altars:
Ashenzari
Cheibriados
Dithmenos
Elyvilon
Fedhas
Gozag
Hepliaklqana
Kikubaaqudgha
Makhleb
Nemelex Xobeh
Okawaru
Qazlal
Ru
Sif Muna
Trog
Uskayaw
Vehumet
Wu Jian
Xom
Yredelemnul
Zin
The Shining One

Shops:
D:13 ?((!   Orc:2 (?((   Elf:2 =   Snake:2 *?*   Snake:3 *   Vaults:1 [
Vaults:2 :

Portals:
Abyss: D:8
Trove: Vaults:3 (give 4 scrolls of fog)

Annotations:
D:8 2 transporters, IndexError's ghost, novice GrHu
D:15 the Enchantress
Lair:4 1 runed translucent door
Snake:3 3 runed translucent doors, exclusion: obsidian statue, Jaugg's ghost, adept GrBe
Orc:1 3 runed translucent doors, krest's ghost, journeyman HOFi
Elf:2 3 runed translucent doors
Elf:3 Mara
Vaults:3 2 transporters, Hufef's ghost, legendary DjWr
Crypt:2 Josephina


Innate Abilities, Weirdness & Mutations

You are very small and have problems with some larger weapons.
You are too small for most types of armour.
You have supernaturally acute eyesight. (SInv)
You cover ground extremely quickly. (Speed+++)
Your magical capacity is low. (-10% MP)


Message History

Unknown command.
Fire: o) +4 hand crossbow (flame)
Press: ? - help, Q - select action, (/) - cycle Shift-Dir - straight line, f/p - Josephina
Aim: Josephina, wielding a staff of cold, wearing a +2 robe of willpower and wearing the ring of Gemoepny {Ice Str+5} (lightly damaged, 63% to hit)
You magically shoot a bolt.
The bolt hits Josephina!!
The bolt burns Josephina.
Josephina is moderately damaged.
You block the centaur warrior simulacrum's attack.
The centaur warrior simulacrum misses you.
Unknown command.
Josephina mumbles some strange words.
The swamp dragon simulacrum collapses into a mass of ice!
The mass of ice explodes!
The seracfall engulfs you!!! You partially resist.
The seracfall engulfs the centaur warrior simulacrum!!
The centaur warrior simulacrum partially resists.
There is a large open door here.
Fire: o) +4 hand crossbow (flame)
Press: ? - help, Q - select action, (/) - cycle Shift-Dir - straight line, f/p - Josephina
Aim: Josephina, wielding a staff of cold, wearing a +2 robe of willpower and wearing the ring of Gemoepny {Ice Str+5} (moderately damaged, 63% to hit)
You magically shoot a bolt.
The bolt completely misses Josephina.
The centaur warrior simulacrum completely misses you.
You block the centaur warrior simulacrum's attack.
Josephina gestures at you while chanting.
The ghostly flame explodes!
The ghostly fireball engulfs you! You partially resist.
You feel drained.
The ghostly fireball engulfs the centaur warrior simulacrum.
The centaur warrior simulacrum completely resists.
The centaur warrior simulacrum hits you but does no damage.
The centaur warrior simulacrum completely misses you.
Unknown command.
Josephina gestures wildly while chanting.
The spriggan defender simulacrum collapses into a mass of ice!
The mass of ice explodes!
The seracfall engulfs you!!! You partially resist.
* * * LOW HITPOINT WARNING * * *
A vampire mage comes into view.
The vampire mage casts a spell.
The vampire mage flickers and vanishes for a moment.
There is a stone staircase leading up here.
The vampire mage points at you and mumbles some strange words.
The bolt of negative energy hits you! You partially resist.
You feel drained.
You die...

.....#+## #.......#
# .#.......# .# #
.#.......# .# #.
..#.......#..#
..#####.
#.^.....#..## .....
#..?....'.... #..#
#....(..'....
#.@####.....○.#..#.
#..V..Z...Z.L## .#
#.....'...○.## #
#.Z####.L..## #..#
###''#
##..######..#
#.....Z.....#
#...........#
#...######..#


You could see Josephina (wandering), a vampire mage (invisible), a centaur
warrior simulacrum and a goblin zombie.

Vanquished Creatures
  Saint Roka (Elf:3)
  Nikola (Swamp:4)
  Jory (Vaults:2)
  Jorgrun (Orc:2)
  Rupert (Lair:3)
  2 liches (Vaults:3)
  3 sphinxes (Vaults:3)
  Kirke (D:13)
  A thorn hunter (Swamp:2)
  Gastronok (D:10)
  2 ancient champions (Crypt:1)
  Donald (Swamp:3)
  2 nagarajas (Snake:4)
  A fenstrider witch (Swamp:1)
  A fire giant (Vaults:3)
  2 revenants (Crypt:1)
  Roxanne (Elf:2)
  Aizul (Snake:4)
  2 frost giants (Vaults:3)
  18 vault wardens
  2 deep elf sorcerers
  A draconian knight (IceCv)
  2 orc warlords
  A juggernaut zombie (Crypt:1)
  5 ghouls (Crypt:1)
  2 spriggan defenders
  20 ironbound preservers
  2 war gargoyles (Vaults:2)
  10 very ugly things
  A stone giant (Vaults:3)
  Nessos (D:13)
  A reaper (Crypt:1)
  13 dire elephants
  The ghost of Xoetwiuf the Cleaver, a journeyman DgDe (D:14)
  3 eleionomae
  2 vampire knights (Crypt:1)
  9 ironbound thunderhulks
  3 deep elf demonologists
  2 deep elf annihilators (Elf:3)
  5 white draconians (IceCv)
  Snorg (D:10)
  4 eidola (Crypt:1)
  A green death (Crypt:1)
  2 crystal guardians (Vaults:4)
  An ettin (Vaults:3)
  An entropy weaver (Vaults:3)
  9 yaktaur captains
  2 shambling mangroves (Swamp:4)
  A fire dragon (D:15)
  2 great orbs of eyes
  2 deep elf high priests
  12 vault guards
  Fannar (Lair:3)
  A peacekeeper (Vaults:4)
  22 hydras
  An ice dragon (D:15)
  Erolcha (D:11)
  2 salamander tyrants (Snake:4)
  2 spriggan air magi (Depths:1)
  3 catoblepae
  5 boulder beetles
  18 centaur warriors
  9 ironbound frosthearts
  13 anacondas
  4 two-headed ogres
  Erica (D:9)
  12 dancing weapons
  A vampire mage (Crypt:1)
  4 alligators
  A ghost crab (Swamp:4)
  13 naga warriors
  Urug (D:10)
  10 death yaks
  17 naga sharpshooters
  3 tengu warriors
  Nergalle (D:10)
  2 soul eaters (Crypt:1)
  3 shock serpents (Snake:3)
  Amaemon (D:10)
  A shadow wraith (Crypt:1)
  11 skeletal warriors
  Sonja (Lair:3)
  A golden dragon zombie (Vaults:2)
  17 deep elf knights
  5 salamander mystics
  A fire crab (shapeshifter) (Elf:3)
  50 deep trolls
  2 goliath frogs
  10 spriggan druids
  7 bog bodies
  3 lindwurms
  A lindwurm (shapeshifter) (Elf:2)
  18 ironbound convokers
  2 phantasmal warriors
  10 swamp dragons
  9 orc knights
  6 wizards
  5 naga ritualists
  A shadow dragon zombie (Crypt:1)
  An orange crystal statue (IceCv)
  9 deep elf archers
  7 mana vipers
  6 harpies
  A wolf spider (Crypt:1)
  26 deep elf zephyrmancers
  8 manticores
  An oklob plant (Orc:2)
  A frost giant zombie (Crypt:1)
  36 deep elf pyromancers
  5 necromancers
  4 will-o-the-wisps
  26 ugly things
  A manticore (shapeshifter) (D:14)
  A fire giant zombie (Crypt:1)
  3 cyclopes
  18 salamanders
  A naga zombie (Crypt:1)
  Maurice (D:7)
  5 elephants
  A guardian serpent (Snake:1)
  A dire elephant zombie (Crypt:1)
  43 black mambas
  16 vault sentinels
  17 naga magi
  An orange demon (D:11)
  A water nymph (shapeshifter) (D:13)
  A demonic crawler (Crypt:1)
  4 gargoyles
  12 cane toads
  3 storm dragon simulacra (IceCv)
  A torpor snail (Lair:5)
  7 rime drakes
  An efreet (D:14)
  8 komodo dragons
  Maggie (D:8)
  4 freezing wraiths
  3 unseen horrors
  32 yaktaurs
  A tengu conjurer (D:14)
  5 polar bears
  3 golden dragon simulacra (IceCv)
  5 trolls
  19 hornets
  9 meliai
  A wolf spider simulacrum (D:14)
  2 bloated husks (Swamp:2)
  A raiju (shapeshifter) (D:15)
  A queen bee (D:14)
  A large abomination (Crypt:1)
  8 tyrant leeches
  3 blink frogs (Lair:5)
  5 dream sheep (Lair:5)
  An iron dragon simulacrum (Crypt:1)
  6 air elementals
  37 slime creatures
  A black mamba zombie (Crypt:1)
  17 spriggans
  3 shadows (D:12)
  5 wraiths
  2 water elementals (Elf:2)
  A yak (shapeshifter) (D:14)
  4 steam dragons
  5 basilisks
  3 fire elementals
  3 humans (D:13)
  41 yaks
  Grum (D:8)
  6 wyverns
  A hog (D:13)
  A chaos spawn (Crypt:1)
  A yaktaur simulacrum (Vaults:2)
  24 vampire mosquitoes
  A redback (Vaults:3)
  An elf skeleton (Vaults:2)
  A deep troll zombie (Crypt:1)
  16 swamp worms
  A warg (Elf:3)
  37 nagas
  An acid dragon (D:10)
  14 water moccasins
  8 swamp drakes
  34 orc warriors
  A black bear (shapeshifter) (D:12)
  An ice beast (D:7)
  8 ice dragon simulacra (IceCv)
  A manticore zombie (Crypt:1)
  7 ogres
  3 boggarts (D:9)
  23 wolves
  11 centaurs
  A yaktaur zombie (Crypt:1)
  A phantom (Crypt:1)
  3 kobold brigands
  12 bullfrogs
  9 scorpions
  3 earth elementals
  An entropy weaver simulacrum (Vaults:2)
  4 wights (D:7)
  7 lindwurm simulacra (IceCv)
  22 killer bees
  A small abomination (Crypt:1)
  2 electric eels (Lair:2)
  3 howler monkeys (D:13)
  A crimson imp (Depths:1)
  3 centaur zombies
  2 hounds
  4 jellies
  14 orc priests
  3 gnoll boudas
  3 sleepcaps
  3 iguanas
  16 orc wizards
  2 hell rats
  A killer bee zombie (Crypt:2)
  3 mummies (Ossuary)
  11 adders
  21 gnolls
  An adder (shapeshifter) (Crypt:1)
  2 white imps (D:5)
  2 ufetubi
  A lava snake skeleton (Crypt:1)
  2 worms
  58 orcs
  11 endoplasms
  5 giant cockroaches
  4 goblins
  8 hobgoblins
  8 jackals
  17 kobolds
  2 quokkas
  6 ball pythons
  10 bats
  3 frilled lizards
  2 gnoll zombies (Ossuary)
  2 goblin zombies (Ossuary)
  A hobgoblin zombie (Ossuary)
  A kobold zombie (Ossuary)
  8 rats
1505 creatures vanquished.

Vanquished Creatures (others)
  A peacekeeper (Vaults:2)
  A spriggan simulacrum (Crypt:2)
  A deep elf archer (Elf:3)
  A deep elf pyromancer (Elf:1)
  A human (D:13)
  A swamp worm (Swamp:4)
  A swamp dragon simulacrum (Crypt:2)
  12 foxfires (Swamp:4)
  29 fungi
  35 plants
83 creatures vanquished.

Grand Total: 1588 creatures vanquished

Notes
Turn   | Place    | Note
-------+----------+-------------------------------------------
     0 | D:1      | MacCMillion the Spriggan Hunter began the quest for the
                  | Orb.
     0 | D:1      | Reached XP level 1. HP: 10/10 MP: 2/2
   147 | D:1      | Reached skill level 3 in Dodging
   147 | D:1      | Reached XP level 2. HP: 15/15 MP: 3/3
   573 | D:2      | You fall into a shaft and drop 2 floors!
   706 | D:3      | Reached XP level 3. HP: 18/18 MP: 4/4
  1110 | D:2      | Reached skill level 5 in Ranged Weapons
  1131 | D:2      | Reached XP level 4. HP: 21/23 MP: 5/5
  1912 | D:4      | Reached XP level 5. HP: 26/26 MP: 6/6
  2441 | D:4      | Reached XP level 6. HP: 25/30 MP: 7/7
  2535 | D:4      | Found an opulent altar of Gozag.
  2780 | D:4      | Identified the +0 spear "Fonnigox" {heavy, Dex+2}
  2847 | D:5      | Entered Level 5 of the Dungeon
  2951 | D:5      | Identified 2 scrolls of acquirement
  2951 | D:5      | Acquired a +4 sling of freezing
  3074 | D:5      | Reached XP level 7. HP: 34/34 MP: 8/8
  3101 | D:5      | Found a white marble altar of Elyvilon.
  3165 | D:5      | Found a sand-covered staircase.
  3172 | Ossuary  | Entered an ossuary
  3379 | Ossuary  | Acquired 935 gold pieces
  3381 | Ossuary  | Acquired the +4 hat "Coak Odd" {rC+ Str+3}
  3791 | D:5      | Reached XP level 8. HP: 38/38 MP: 9/9
  3816 | D:5      | Found a glowing silver altar of Zin.
  3829 | D:5      | Reached skill level 10 in Ranged Weapons
  5246 | D:6      | Identified the +1 ring mail of Vusiyrha {-Tele Harm *Slow
                  | Stlth+}
  5824 | D:7      | Reached skill level 5 in Fighting
  5886 | D:7      | Found a staircase to the Ecumenical Temple.
  5888 | D:7      | Noticed a hornet
  5909 | D:6      | Reached XP level 9. HP: 30/47 MP: 10/10
  6066 | Temple   | Entered the Ecumenical Temple
  6278 | D:7      | Reached skill level 4 in Dodging
  6495 | D:7      | Reached skill level 5 in Dodging
  6615 | D:7      | Noticed a two-headed ogre
  6646 | D:7      | Killed a two-headed ogre
  6647 | D:7      | Reached skill level 6 in Dodging
  6926 | D:8      | Noticed Maggie
  6971 | D:8      | Noticed Maurice
  6973 | D:8      | Noticed Grum
  7507 | D:7      | Killed Maurice
  7508 | D:7      | Reached skill level 7 in Dodging
  7710 | D:8      | Reached XP level 10. HP: 51/53 MP: 11/11
  7732 | D:8      | Killed Maggie
  7790 | D:8      | Killed Grum
  8045 | D:8      | Reached skill level 8 in Dodging
  8089 | D:8      | Found an ornate altar of the Wu Jian Council.
  8090 | D:8      | Found an ancient bone altar of Kikubaaqudgha.
  8164 | Temple   | Became a worshipper of Warmaster Okawaru
  8364 | D:8      | Found a one-way gate to the infinite horrors of the Abyss.
  8364 | D:8      | Noticed IndexError's ghost (novice GrHu)
  8385 | D:8      | Found a transporter.
  8389 | D:8      | Found a transporter.
  8461 | D:8      | Got the Lectures on Injurious Leadership
  8728 | D:9      | Noticed a death yak
  8729 | D:9      | Noticed a death yak
  8773 | D:9      | Killed a death yak
  8773 | D:9      | Reached * piety under Okawaru
  8815 | D:9      | Killed a death yak
  8816 | D:9      | Reached skill level 9 in Dodging
  9023 | D:9      | Noticed Erica
  9075 | D:9      | Killed Erica
  9075 | D:9      | Reached ** piety under Okawaru
  9292 | D:9      | Reached XP level 11. HP: 54/59 MP: 12/12
  9452 | D:9      | Found a staircase to the Lair.
  9452 | D:9      | Noticed a death yak
  9455 | D:9      | Noticed a death yak
  9528 | D:9      | Killed a death yak
  9528 | D:9      | Reached *** piety under Okawaru
  9594 | D:9      | Killed a death yak
  9595 | D:9      | Reached skill level 10 in Dodging
  9818 | D:9      | Noticed a death yak
  9868 | D:9      | Killed a death yak
 10100 | D:9      | Found a staircase to the Lair.
 10493 | D:10     | Entered Level 10 of the Dungeon
 10516 | D:10     | Reached **** piety under Okawaru
 10628 | D:10     | Found a shadowy altar of Dithmenos.
 10669 | D:10     | Noticed Gastronok
 10711 | D:10     | Killed Gastronok
 10876 | D:10     | Noticed Urug
 11152 | D:10     | Killed Urug
 11153 | D:10     | Reached skill level 11 in Dodging
 11333 | D:10     | Noticed Nergalle
 11583 | D:10     | Noticed a spectral orc warlord
 11583 | D:10     | Killed Nergalle
 11583 | D:10     | Reached ***** piety under Okawaru
 11845 | D:10     | Acquired the ring "Umaass" {Fire rElec rCorr Stlth+}
 11926 | D:11     | Noticed Snorg
 11929 | D:11     | Noticed Amaemon
 11983 | D:10     | Killed Snorg
 12112 | D:10     | Killed Amaemon
 12166 | D:11     | Reached XP level 12. HP: 65/65 MP: 13/13
 12201 | D:11     | Noticed a two-headed ogre
 12215 | D:11     | Killed a two-headed ogre
 12415 | D:11     | Found a staircase to the Orcish Mines.
 12455 | D:11     | Found a shimmering blue altar of Sif Muna.
 12556 | D:11     | Reached skill level 15 in Ranged Weapons
 12724 | D:11     | Noticed a boulder beetle
 12766 | D:10     | Reached skill level 12 in Dodging
 12766 | D:10     | Reached skill level 5 in Stealth
 13012 | D:11     | Noticed Erolcha
 13376 | Lair:1   | Entered Level 1 of the Lair of Beasts
 13390 | Lair:1   | Reached ****** piety under Okawaru
 14032 | Lair:1   | Identified the +4 demon trident of the Tiger {pain, rElec
                  | rPois Int+3} (Okawaru gifted it to you on level 1 of the
                  | Lair of Beasts)
 14032 | Lair:1   | Received a gift from Okawaru
 14447 | Lair:2   | Noticed a death yak
 14447 | Lair:2   | Noticed a death yak
 14448 | Lair:2   | Noticed a death yak
 14450 | Lair:2   | Noticed a death yak
 14450 | Lair:2   | Noticed a death yak
 14478 | Lair:1   | Killed a death yak
 14499 | Lair:2   | Identified the +2 pair of boots of Wurotuad {rF+ rCorr}
 14601 | Lair:1   | Killed a death yak
 14719 | Lair:1   | Killed a death yak
 14720 | Lair:1   | Reached skill level 1 in Invocations
 14835 | Lair:1   | Killed a death yak
 14898 | Lair:1   | Killed a death yak
 15046 | Lair:2   | Identified the +8 arbalest of Nimpupp {penet, Contam rElec
                  | rF+++ Dex-5} (Okawaru gifted it to you on level 2 of the
                  | Lair of Beasts)
 15046 | Lair:2   | Received a gift from Okawaru
 15129 | Lair:2   | Reached XP level 13. HP: 70/70 MP: 16/16
 15139 | Lair:2   | Found a staircase to the Swamp.
 15821 | Lair:3   | Noticed Sonja
 15828 | Lair:3   | Killed Sonja
 15829 | Lair:3   | Reached skill level 5 in Invocations
 15842 | Lair:3   | Acquired 1076 gold pieces
 16075 | Lair:3   | Found a staircase to the Snake Pit.
 16206 | Lair:3   | Noticed Rupert
 16226 | Lair:3   | Killed Rupert
 16262 | Lair:3   | Noticed Fannar
 16986 | Lair:4   | Identified the +1 robe of the Three of Pentacles {rC++
                  | Str+3} (Okawaru gifted it to you on level 4 of the Lair of
                  | Beasts)
 16986 | Lair:4   | Received a gift from Okawaru
 17089 | Lair:3   | Killed Fannar
 17385 | Lair:4   | Found a runed translucent door.
 17385 | Lair:4   | Noticed an azure jelly
 17386 | Lair:4   | Found a staircase to the Slime Pits.
 17386 | Lair:4   | Noticed an azure jelly
 17386 | Lair:4   | Noticed an azure jelly
 17541 | Lair:4   | Found an opulent altar of Gozag.
 17642 | Lair:4   | You fall into a shaft and drop 1 floor!
 17642 | Lair:5   | Entered Level 5 of the Lair of Beasts
 18643 | Lair:5   | Reached skill level 10 in Invocations
 18692 | Lair:5   | Reached XP level 14. HP: 75/75 MP: 22/22
 19595 | Lair:5   | Received a gift from Okawaru
 20535 | D:11     | Found a staircase to the Orcish Mines.
 20617 | D:11     | Killed Erolcha
 20986 | Orc:1    | Entered Level 1 of the Orcish Mines
 20988 | Orc:1    | Found a runed translucent gate.
 20989 | Orc:1    | Found a runed translucent gate.
 20990 | Orc:1    | Found a runed translucent gate.
 20990 | Orc:1    | Noticed krest's ghost (journeyman HOFi)
 21443 | Orc:2    | Entered Level 2 of the Orcish Mines
 21490 | Orc:2    | Noticed Jorgrun
 22088 | Orc:2    | Killed Jorgrun
 22254 | Orc:2    | Found a staircase to the Elven Halls.
 22642 | Orc:1    | Received a gift from Okawaru
 22642 | Orc:1    | Found the +5 robe of Night {Dark Will+ SInv}
 23215 | Orc:2    | Found Poydesoj's Weapon Shop.
 23215 | Orc:2    | Found Highel's Magic Scroll Emporium.
 23217 | Orc:2    | Found Tibixef's Antique Weapon Shoppe.
 23219 | Orc:2    | Found Nunujiss's Weapon Boutique.
 23226 | Orc:2    | Bought a scroll of teleportation for 42 gold pieces
 24153 | D:12     | Reached skill level 13 in Dodging
 24574 | D:13     | Found Lianiwod's Antique Weapon Emporium.
 24708 | D:13     | Reached skill level 10 in Fighting
 24832 | D:13     | Found Eryonih's Distillery.
 25393 | D:13     | Noticed Nessos
 25397 | D:13     | Killed Nessos
 25580 | D:13     | Found Xaylol's Magic Scroll Shop.
 25605 | D:13     | Found Mavvie's Weapon Shop.
 25628 | D:13     | Noticed Kirke
 25652 | D:13     | Killed Kirke
 25716 | D:13     | Reached skill level 14 in Dodging
 25840 | D:14     | Reached XP level 15. HP: 81/81 MP: 25/25
 25873 | D:14     | Identified the -1 hat "Nakhlowix" {*Slow rF+ rCorr Str+7
                  | Dex-3} (Okawaru gifted it to you on level 14 of the
                  | Dungeon)
 25873 | D:14     | Received a gift from Okawaru
 26131 | D:14     | Found a gate to the Vaults.
 26149 | D:14     | Reached skill level 15 in Dodging
 27043 | D:14     | Found a runed translucent gate.
 27043 | D:14     | Found a runed translucent gate.
 27043 | D:14     | Found a runed translucent gate.
 27045 | D:14     | Noticed Xoetwiuf's ghost (journeyman DgDe)
 27117 | D:15     | Entered Level 15 of the Dungeon
 27392 | D:15     | Reached skill level 16 in Dodging
 27664 | D:15     | Received a gift from Okawaru
 28078 | D:15     | Found a staircase to the Depths.
 28447 | Snake:1  | Entered Level 1 of the Snake Pit
 29313 | Snake:1  | Reached skill level 17 in Dodging
 30491 | Snake:2  | Identified the +0 robe of Warch {rC+++ Str+5 Int-3}
                  | (Okawaru gifted it to you on level 2 of the Snake Pit)
 30491 | Snake:2  | Received a gift from Okawaru
 30492 | Snake:2  | Reached XP level 16. HP: 74/90 MP: 26/26
 31217 | Snake:2  | Found Buaseduife's Assorted Antiques.
 31237 | Snake:2  | Found Xehidyudd's Magic Scroll Shoppe.
 31239 | Snake:2  | Found Furek's General Store.
 31245 | Snake:2  | Bought a scroll of teleportation for 57 gold pieces
 31464 | Snake:3  | Reached skill level 18 in Dodging
 31564 | Snake:3  | Found a hide-covered altar of Uskayaw.
 32585 | Snake:3  | Found a runed translucent gate.
 32586 | Snake:3  | Found a runed translucent gate.
 32586 | Snake:3  | Found an opulent altar of Gozag.
 32587 | Snake:3  | Found a runed translucent gate.
 32588 | Snake:3  | Noticed Jaugg's ghost (adept GrBe)
 32590 | Snake:3  | Found Pava's Assorted Antiques.
 32606 | Snake:4  | Entered Level 4 of the Snake Pit
 32771 | Snake:3  | Reached skill level 19 in Dodging
 33010 | Snake:4  | Received a gift from Okawaru
 33073 | Snake:4  | Identified the +2 shortbow of the Beast {elec, rPois Will++
                  | Str-5} (Okawaru gifted it to you on level 4 of the Snake
                  | Pit)
 33073 | Snake:4  | Received a gift from Okawaru
 33960 | Snake:4  | Noticed Aizul
 33978 | Snake:4  | Killed Aizul
 33978 | Snake:4  | Received a gift from Okawaru
 34494 | Snake:4  | Reached skill level 20 in Dodging
 34748 | Snake:4  | Received a gift from Okawaru
 34813 | Snake:4  | Reached XP level 17. HP: 81/97 MP: 27/27
 35011 | Snake:4  | Got a serpentine rune of Zot
 35645 | D:15     | Gained mutation: Your magical capacity is low. (-10% MP)
                  | [mutagenic glow]
 35934 | Swamp:1  | Entered Level 1 of the Swamp
 35942 | Swamp:1  | Reached skill level 1 in Shields
 36008 | Swamp:1  | Received a gift from Okawaru
 36986 | Swamp:2  | Found a frozen archway.
 37001 | IceCv    | Entered an ice cave
 37074 | IceCv    | Reached skill level 5 in Shields
 37722 | IceCv    | Got the Almanac of the Doomed Band
 37810 | IceCv    | Identified the amulet of the Scarab {Faith Str+6}
 37933 | Swamp:2  | You are sucked into a shaft and drop 1 floor!
 38649 | Swamp:3  | Noticed Donald
 38658 | Swamp:3  | Killed Donald
 38767 | Swamp:3  | Reached skill level 1 in Armour
 39171 | Swamp:4  | Entered Level 4 of the Swamp
 39171 | Swamp:4  | Noticed Nikola
 39593 | Swamp:4  | Identified the -2 hat "Fuuggaru" {Fly Str+3} (Okawaru
                  | gifted it to you on level 4 of the Swamp)
 39593 | Swamp:4  | Received a gift from Okawaru
 40043 | Swamp:4  | Reached skill level 5 in Armour
 40092 | Swamp:4  | Reached XP level 18. HP: 97/102 MP: 25/25
 40278 | Swamp:4  | Got a decaying rune of Zot
 40344 | Swamp:4  | Killed Nikola
 40981 | Elf:1    | Entered Level 1 of the Elven Halls
 41745 | Elf:1    | Identified the +8 long sword of the Morning {vamp, rElec
                  | Will+}
 41851 | Elf:1    | Received a gift from Okawaru
 42040 | Elf:1    | Found a radiant altar of Vehumet.
 42049 | Elf:1    | Reached skill level 10 in Stealth
 42928 | Elf:2    | Found a runed translucent gate.
 42928 | Elf:2    | Found a runed translucent gate.
 42930 | Elf:2    | Found a runed translucent gate.
 43018 | Elf:2    | Paralysed by an air elemental for 1 turns
 43023 | Elf:2    | Paralysed by an air elemental for 1 turns
 43084 | Elf:2    | Identified the +2 robe of the Chupacabra {rElec rF+ Will+
                  | rCorr} (Okawaru gifted it to you on level 2 of the Elven
                  | Halls)
 43084 | Elf:2    | Received a gift from Okawaru
 43102 | Elf:2    | Noticed Roxanne
 43215 | Elf:2    | Found Igutrodgh's Jewellery Shop.
 43287 | Elf:2    | Reached skill level 21 in Dodging
 43485 | Elf:2    | Killed Roxanne
 43555 | Elf:3    | Entered Level 3 of the Elven Halls
 43896 | Elf:3    | Noticed Saint Roka
 44387 | Elf:3    | Reached skill level 15 in Fighting
 44756 | Elf:3    | Killed Saint Roka
 44945 | Elf:3    | Reached XP level 19. HP: 108/108 MP: 26/26
 44949 | Elf:3    | Learned a level 3 spell: Portal Projectile
 45134 | Elf:3    | Reached skill level 1 in Hexes
 45134 | Elf:3    | Reached skill level 1 in Translocations
 45724 | Elf:3    | Identified the +11 falchion "Fueffoluum" {heavy, Int+4}
 45724 | Elf:3    | Noticed Mara
 45727 | Elf:3    | Noticed MacCMillion's illusion
 46186 | Elf:3    | Identified the ring "Qoeneerph" {Will- Str-3 Int+5 Dex+6
                  | Stlth+}
 46341 | Elf:3    | Noticed MacCMillion's illusion
 46827 | Vaults:1 | Entered Level 1 of the Vaults
 47073 | Vaults:1 | Found Midabuag's Armour Boutique.
 47116 | Vaults:1 | Reached skill level 5 in Translocations
 48370 | Vaults:1 | Received a gift from Okawaru
 49231 | Vaults:1 | Reached skill level 22 in Dodging
 49363 | Vaults:1 | Identified the +6 dagger of the Scroll {drain, *Slow rPois
                  | rC+} (Okawaru gifted it to you on level 1 of the Vaults)
 49363 | Vaults:1 | Received a gift from Okawaru
 50365 | Vaults:2 | Found Izxuakhuin's Book Shoppe.
 51168 | Vaults:2 | Received a gift from Okawaru
 51460 | Vaults:2 | Noticed Jory
 51499 | Vaults:2 | Killed Jory
 51500 | Vaults:2 | Reached skill level 10 in Translocations
 51833 | Vaults:2 | Reached XP level 20. HP: 114/114 MP: 27/27
 52815 | Vaults:3 | Found a staircase to the Crypt.
 52815 | Vaults:3 | Found an ancient bone altar of Kikubaaqudgha.
 52815 | Vaults:3 | Found a basalt altar of Yredelemnul.
 52882 | Vaults:3 | Identified the +1 hand crossbow of Prescription {freeze,
                  | Str+3 Dex+5} (Okawaru gifted it to you on level 3 of the
                  | Vaults)
 52882 | Vaults:3 | Received a gift from Okawaru
 52883 | Vaults:3 | Reached skill level 23 in Dodging
 53670 | Vaults:3 | Identified the +2 robe "Gidoxub" {Rampage rF+ Will++ Str-3}
                  | (Okawaru gifted it to you on level 3 of the Vaults)
 53670 | Vaults:3 | Received a gift from Okawaru
 54030 | Vaults:3 | Reached skill level 1 in Spellcasting
 54704 | Vaults:3 | Found a portal to a secret trove of treasure.
 54829 | Vaults:3 | Reached skill level 15 in Translocations
 55167 | Vaults:3 | Found a transporter.
 55186 | Vaults:3 | Found a transporter.
 55212 | Vaults:3 | Noticed Hufef's ghost (legendary DjWr)
 55702 | Vaults:3 | Identified the +3 mace "Laneudgho" {heavy, rElec rF++}
 56046 | Vaults:4 | Reached skill level 5 in Spellcasting
 56094 | Vaults:4 | Reached skill level 24 in Dodging
 56101 | Vaults:4 | Reached XP level 21. HP: 108/119 MP: 8/28
 57205 | Vaults:4 | Learned a level 6 spell: Dispersal
 57321 | Vaults:4 | Identified the quicksilver dragon scales of Failure {+Inv
                  | rPois Will+ MP+9 Slay+5} (Okawaru gifted it to you on level
                  | 4 of the Vaults)
 57321 | Vaults:4 | Received a gift from Okawaru
 58496 | Depths:1 | Entered Level 1 of the Depths
 58552 | Depths:1 | Found an opulent altar of Gozag.
 58991 | D:15     | Reached skill level 10 in Shields
 59096 | Depths:1 | Noticed the Enchantress
 60306 | D:14     | Killed Xoetwiuf's ghost
 60824 | Crypt:1  | Entered Level 1 of the Crypt
 61447 | Crypt:1  | Reached skill level 25 in Dodging
 61645 | Crypt:1  | Found a runed translucent gate.
 61646 | Crypt:1  | Found a runed translucent gate.
 61943 | Crypt:1  | Found a runed translucent gate.
 62691 | Crypt:1  | Acquired a manual of Translocations
 63312 | Crypt:2  | Identified the ring of Gemoepny {Ice Str+5}
 63312 | Crypt:2  | Noticed Josephina
 63335 | Crypt:2  | Killed from afar by a vampire mage

Illustrated notes

Levels and vault maps discovered:
D:1:      sevenhm_arrival_forest_fort_small_3, layout_basic, st_stairs_13
D:2:      layout_loops_cross, chequers_serial_rivers_room_a, st_stairs_10
D:3:      layout_rooms
D:4:      cheibrodos_old_hovel, layout_loops_ring, overflow_temple_1_default,
          corexii_leaking_fountain, chequers_serial_rivers_small_b,
          supply_closet_lemuel, minmay_fractal_squares_gapless_5
D:5:      wad_river_or_something, layout_basic, old_standard_altar,
          mainiacjoe_overflow_six_doors_small, nicolae_ossuary_entry_ruins,
          chequers_serial_rivers_room_b
D:6:      layout_layer_cave, minmay_misc_feat_nine_boxes
D:7:      layout_cave_pools, minmay_temple_entry_trees, minmay_misc_feat_square
D:8:      layout_gridville, mainiacjoe_overflow_big_doors,
          gammafunk_ghost_abyssal_escape, uniq_maggie, uniq_grum, uniq_maurice
D:9:      layout_loops_ring, dpeg_lair_monsters, uniq_erica
D:10:     layout_long_grid, mainiacjoe_overflow_chevrons, uniq_nergalle,
          uniq_gastronok, uniq_urug
D:11:     layout_basic, david_orc_4, hangedman_decor_slide_cut,
          nicolae_sif_muna_condensation, uniq_snorg, uniq_erolcha, uniq_amaemon
D:12:     layout_stronghold, lemuel_flamethrower_1
D:13:     layout_roguey, serial_shops, shop, nicolae_shop_crystal,
          kennysheep_mini, nicolae_stop_n_shop_2, uniq_kirke, uniq_nessos
D:14:     layout_roguey, skrybe_vaults_entry_preservation,
          gammafunk_ghost_hydra_chop, minivault_7
D:15:     grunt_enter_depths_hoard, layout_basic, minmay_misc_feat_five
Temple:   lightli_temple_of_artemis
Lair:1:   layout_regular_city, beast_lair_carwin_4, serial_bayou_shore_b
Lair:2:   layout_roguey, swamp_mist, serial_bayou_shore_a,
          infiniplex_staircase_pool_2, lemuel_fruit_fields
Lair:3:   layout_cave_shapes, minmay_snake_entry_six_corridors, st_stairs_7,
          uniq_fannar, uniq_sonja, uniq_rupert
Lair:4:   layout_regular_city, slime_entry_2, basic_altar, grunt_megastairs_1
Lair:5:   hangedman_lair_in_review, layout_gridlike
Swamp:1:  nicolae_swamp_standing_stones, layout_basic_swamp,
          hangedman_swamp_ruin_wall
Swamp:2:  layout_basic_swamp, portal_ice_cave_entry_frozen_things,
          nicolae_swamp_tree_isthmus
Swamp:3:  layout_falls_marsh, serial_swamp_ruin, evilmike_swamp_ruin_rubble_2,
          evilmike_swamp_ruin_house_6, swamp_pool4, uniq_donald
Swamp:4:  swamp, layout_basic_swamp, uniq_nikola
Snake:1:  layout_rooms, serial_bayou_shore_b, lemuel_fruit_tree,
          grunt_megastairs_2, serial_bayou_shore_b
Snake:2:  layout_rooms, minmay_shop_star
Snake:3:  layout_misc_corridors, basic_altar, ebering_ghost_gozag,
          serial_bayou_pond_a
Snake:4:  snake_pit, layout_layer_cave, grunt_megastairs_5, uniq_aizul
Orc:1:    layout_diamond_mine, gammafunk_ghost_split
Orc:2:    st_orc_rangers, layout_diamond_mine, mines3_lemuel, uniq_jorgrun
Elf:1:    minmay_elf_arrival_plus, layout_onion_city, basic_altar,
          minmay_elf_demonology, grunt_ministairs_10
Elf:2:    elven_hall_of_blades_hangedman_original
          [nicolae_blade_entry_antechamber], layout_geoelf_grid, serial_shops,
          shop, uniq_roxanne
Elf:3:    elf_hall, layout_loops_corners, grunt_ministairs_15, uniq_louise,
          uniq_mara, uniq_saint_roka
Vaults:1: vaults_room_grunt_arrival_ludios, vaults_room_door_ring,
          vaults_mumra_hexcomb, vaults_room_large_hall,
          ontoclasm_vaults_decontamination, vaults_room_hallway, v_misc_1,
          hangedman_vaults_nodes, v_rooms_6, vaults_dpeg_encased_lava,
          ontoclasm_vaults_chip, layout_vaults_ring, serial_shops, shop
Vaults:2: vaults_dpeg_spiral, vaults_room_hallway, v_pattern_2,
          vaults_room_pool, nicolae_vaults_network_star, v_misc_14,
          vaults_room_stairs_pillars, v_misc_24, layout_vaults_quadrants,
          serial_shops, nicolae_shop_statue_plus, uniq_jory
Vaults:3: gammafunk_ghost_mausoleum, nicolae_vaults_network_quinsquares
          [nicolae_vaults_network_quincunx_subvault,
          nicolae_vaults_network_quincunx_subvault,
          nicolae_vaults_network_quincunx_subvault,
          nicolae_vaults_network_quincunx_subvault], v_misc_14,
          minmay_crypt_entry_necro_gods, vaults_dpeg_emergency_exit,
          vaults_room_large_hall, dpeg_vaults_monster_row, vaults_mumra_hex,
          nicolae_vaults_shelves_hall, vaults_room_pool, grunt_vaults_funnel,
          st_check, vaults_room_corners, nicolae_vaults_border_crossing,
          layout_vaults_omnicross, enter_trove_2, uniq_margery
Vaults:4: nicolae_vaults_circle_grid_b, nicolae_vaults_windows_and_doors_thing,
          nicolae_vaults_triangles, ontoclasm_vaults_bender,
          nicolae_vaults_shelves_hall, v_rooms_5,
          nicolae_vaults_little_squares_3, vaults_room_fours, v_misc_22,
          nicolae_vaults_little_squares_2, grunt_vaults_hallway_short,
          layout_vaults_big_room
Crypt:1:  layout_gridlike, pandoras_box_mu
Crypt:2:  layout_gridlike, serial_sigils_hangedman_stare, uniq_josephina
Depths:1: layout_basic, rand_demon_pan_entry_9, hell_entry,
          grunt_gozag_breadcrumbs, led_xom_imps, uniq_enchantress

Skill      XL: |  1  2  3  4  5  6  7  8  9 10 11 12 13 14 15 16 17 18 19 20 21 |
---------------+----------------------------------------------------------------+-----
Stealth        | 2 3 4 7 10 | 10.0
Dodging        | 3 7 9 11 12 14 17 20 21 22 24 25 | 25.2
Ranged Weapons | 5 6 8 9 10 11 13 14 16 18 | 18.0
Fighting       | 5 6 7 8 9 10 12 14 15 | 15.7
Invocations    | 3 10 12 | 12.0
Shields        | 7 9 10 | 10.0
Armour         | 5 8 |  8.9
Hexes          | 4 |  4.0
Translocations | 10 15 16 | 16.8
Spellcasting   | 5 7 |  7.2

Action                     |  1- 3 |  4- 6 |  7- 9 | 10-12 | 13-15 | 16-18 | 19-21 || total
---------------------------+-------+-------+-------+-------+-------+-------+-------++-------
   Fire: Shortbow          |   117 |   161 |       |       |       |       |       ||   278
         Sling             |       |    12 |   348 |  1085 |       |       |       ||  1445
         Arbalest          |       |       |       |     7 |  1213 |   558 |       ||  1778
         Hand crossbow     |       |       |       |       |       |  1107 |  1792 ||  2899
   Cast: Portal Projectile |       |       |       |       |       |       |    49 ||    49
         Dispersal         |       |       |       |       |       |       |    11 ||    11
 Invoke: Finesse           |       |       |       |       |     2 |     1 |     1 ||     4
  Evoke: Wand              |       |       |       |       |     3 |       |     4 ||     7
    Use: Scroll            |       |     2 |     2 |    17 |    11 |    13 |     8 ||    53
         Potion            |       |       |     2 |       |       |     1 |       ||     3
 Armour: Robe              |     2 |     3 |     6 |       |       |     5 |    35 ||    51
         Steam dragon scal |       |       |    26 |    42 |    93 |    63 |       ||   224
         Quicksilver drago |       |       |       |       |       |       |    21 ||    21
  Dodge: Dodged            |    27 |    27 |   116 |   358 |   726 |   645 |   808 ||  2707
  Block: Buckler           |       |       |       |       |       |   112 |   319 ||   431
         Reflection        |       |       |       |       |       |    21 |    55 ||    76

Table legend: (Time is in decaauts)
 A = Elapsed time spent in this place.
 B = Non-inter-level travel time spent in this place.
 C = Inter-level travel time spent in this place.
 D = Time resting spent in this place.
 E = Time spent auto-exploring this place.
 F = Levels seen in this place.
 G = Mean time per level.
                   A        B        C        D        E       F      G
               +--------+--------+--------+--------+--------+-----+--------+
         Total |  49496 |  46773 |   2723 |  16278 |  18986 |  43 | 1151.1 |
       Dungeon |  16057 |  14816 |   1241 |   4837 |   6806 |  15 | 1070.5 |
        Temple |     75 |     63 |     12 |      0 |     48 |   1 |   75.0 |
          Lair |   5332 |   4978 |    354 |   1193 |   2506 |   5 | 1066.4 |
         Swamp |   3187 |   3050 |    137 |   1082 |   1123 |   4 |  796.8 |
     Snake Pit |   5660 |   5504 |    156 |   2390 |   2029 |   4 | 1415.0 |
  Orcish Mines |   2142 |   1947 |    195 |    927 |    664 |   2 | 1071.0 |
   Elven Halls |   4486 |   4287 |    199 |   1946 |   1248 |   3 | 1495.3 |
        Vaults |   9611 |   9230 |    381 |   3172 |   3574 |   4 | 2402.8 |
         Crypt |   1796 |   1751 |     45 |    308 |    807 |   2 |  898.0 |
        Depths |    142 |    142 |      0 |     26 |     44 |   1 |  142.0 |
       Ossuary |    256 |    256 |      0 |     63 |     17 |   1 |  256.0 |
      Ice Cave |    747 |    747 |      0 |    331 |    116 |   1 |  747.0 |
               +--------+--------+--------+--------+--------+-----+--------+

Top non-repeatable levels by time:
Vaults:3: 2791 daAuts
Vaults:1: 2640 daAuts
    D:14: 2348 daAuts
Vaults:2: 2223 daAuts
Vaults:4: 1956 daAuts
 Crypt:1: 1757 daAuts
 Snake:4: 1757 daAuts
 Snake:1: 1717 daAuts
   Elf:3: 1700 daAuts
    D:15: 1669 daAuts
     D:9: 1641 daAuts
  Lair:5: 1500 daAuts
     D:6: 1472 daAuts
   Elf:2: 1410 daAuts
   Elf:1: 1376 daAuts
